 Dungeon Crawl Stone Soup version 0.24.0-37-gcf1ca852f1 (webtiles) character file.

Game seed: 13142530598694189764, levelgen mode: deterministic

6815 Gruesph the Thaumaturge (level 10, -4/59 HPs)
             Began as a Deep Elf Fire Elementalist on Nov 26, 2019.
             Was a Follower of Vehumet.
             Slain by a yak (16 damage)
             ... on level 8 of the Dungeon.
             The game lasted 00:53:29 (13783 turns).

Gruesph the Thaumaturge (DEFE)                     Turns: 13783, Time: 00:53:30

Health: -4/59      AC:  7    Str: 11    XL:     10   Next: 77%
Magic:  7/26       EV: 12    Int: 22    God:    Vehumet [*.....]
Gold:   534        SH:  5    Dex: 15    Spells: 11/29 levels left

rFire    . . .     SeeInvis .   a - +3 dagger (elec)
rCold    . . .     Gourm    .   v - +0 buckler
rNeg     . . .     Faith    .   q - +1 leather armour of the Wilderness {MR+ Stlth+} (curse)
rPois    .         Spirit   .   (no helmet)
rElec    .         Reflect  .   u - +1 cloak
rCorr    .         Harm     .   E - +0 pair of gloves
MR       ++...                  (no boots)
Stlth    ++++......             (no amulet)
HPRegen  0.19/turn              D - ring of stealth
MPRegen  0.20/turn              y - +4 ring of strength

@: no status effects
A: no striking features
a: Renounce Religion


You were on level 8 of the Dungeon.
You worshipped Vehumet.
Vehumet was aware of your devotion.
You were hungry.

You visited 2 branches of the dungeon, and saw 10 of its levels.

You collected 534 gold pieces.

Inventory:

Hand Weapons
 a - a +3 dagger of electrocution (weapon)
 b - a +0 hunting sling
Missiles
 m - 421 stones
 p - 45 poisoned darts (quivered)
Armour
 q - the cursed +1 leather armour of the Wilderness (worn) {MR+ Stlth+}
   (You took it off an orc on level 6 of the Dungeon)

   It affects your resistance to hostile enchantments.
   It makes you more stealthy.
   It has a curse placed upon it.
 u - a +1 cloak (worn)
 v - a +0 buckler (worn)
 E - a +0 pair of gloves (worn)
Jewellery
 e - an uncursed ring of resist corrosion
 y - a +4 ring of strength (right hand)
 D - a ring of stealth (left hand)
Wands
 d - a wand of random effects (10)
 j - a wand of flame (15)
Scrolls
 g - 4 scrolls of teleportation
 i - a scroll of acquirement {unknown}
 o - 3 scrolls of enchant weapon
 r - 5 scrolls of remove curse
 w - a scroll of immolation
 z - a scroll of summoning
Potions
 c - 3 potions of curing
 h - 2 potions of heal wounds
 k - a potion of brilliance
 l - 3 potions of agility
 n - 3 potions of ambrosia
 s - a potion of mutation
 t - 4 potions of might
 x - a potion of haste {unknown}
 A - a potion of lignification {unknown}
 B - a potion of resistance {unknown}
Comestibles
 f - 15 rations


   Skills:
 + Level 5.3 Fighting
 - Level 2.4 Dodging
 - Level 2.4 Stealth
 + Level 3.3 Shields
 - Level 10.0 Spellcasting
 + Level 9.3 Conjurations
 - Level 5.0 Hexes
 + Level 9.9 Fire Magic


You had 11 spell levels left.
You knew the following spells:

 Your Spells              Type           Power        Failure   Level  Hunger
a - Throw Flame           Conj/Fire      ######       1%          2    None
b - Conjure Flame         Conj/Fire      ######..     1%          3    None
c - Sticky Flame          Conj/Fire      ######..     1%          4    ##.....
d - Fireball              Conj/Fire      ######....   4%          5    ####...
e - Flame Tongue          Conj/Fire      #####        1%          1    None
f - Confuse               Hex            ####....     3%          3    None

Your spell library contained the following spells:

 Spells                   Type           Power        Failure   Level  Hunger
 Sting                    Conj/Pois      ####         1%          1    None
 Confusing Touch          Hex            ####..       1%          1    None
 Corona                   Hex            ####...      1%          1    None
 Inner Flame              Hex/Fire       #####...     1%          3    None
 Animate Skeleton         Necr           N/A          9%          1    None
 Pain                     Necr           ##..         9%          1    None
 Gell's Gravitas          Tloc           ##........   26%         3    None
 Regeneration             Chrm/Necr      ##........   26%         3    None
 Vampiric Draining        Necr           ##........   26%         3    None
 Animate Dead             Necr           N/A          65%         4    ##.....
 Petrify                  Tmut/Erth      ##......     65%         4    ##.....
 Metabolic Englaciation   Hex/Ice        ###.......   65%         5    ####...
 Yara's Violent Unravell  Hex/Tmut       ###.......   65%         5    ####...


Dungeon Overview and Level Annotations

Branches:
Dungeon (9/15)             Temple (1/1) D:6
   Lair: D:8-11         Orc: D:9-12

Altars:
Ashenzari
Cheibriados
Dithmenos
Elyvilon
Fedhas
Gozag
Hepliaklqana
Kikubaaqudgha
Makhleb
Nemelex Xobeh
Okawaru
Qazlal
Ru
Sif Muna
Trog
Uskayaw
Vehumet
Wu Jian
Xom
Yredelemnul
Zin
The Shining One

Shops:
D:7 (

Annotations:
D:4 book w fly, Grinder


Message History

The yak is severely wounded.
The yak is covered in liquid flames!
The yak burns! x2
The yak gores you but does no damage. The yak gores you! x2
* * * LOW HITPOINT WARNING * * *
The yak burns! x2; The yak closely misses you.
You block the yak's attack. The yak misses you.
You climb upwards.
There is a stone staircase leading down here.
Casting: Sticky Flame (safe; 1% risk of failure)
Confirm with . or Enter, or press ? or * to list all spells.
Aiming: Sticky Flame (safe; 1% risk of failure)
Press: ? - help, Shift-Dir - straight line, f - yak
Aim: a yak (almost dead, covered in liquid flames)
The sticky flame hits the yak!
The yak is moderately wounded.
The yak is covered in liquid flames!
The yak burns! x3
You kill the yak!
Vehumet accepts your kill. The yak gores you!
You die...

#..................
#..................
#..................
#..................
####'####..........
#......###########
#.................
#.Y..............[
#@................
#Y................
#.................
#.................
#....####..###...#
#....####..###'###
#.....#.....#.....
#.....#.....#.....
#.....#.....#.....


You could see 2 yaks.

Vanquished Creatures
  3 two-headed ogres
  A hippogriff (D:7)
  6 yaks
  Eustachio (D:4)
  Grum (D:8)
  Edmund (D:4)
  2 orc warriors
  2 black bears
  2 ogres
  3 ice beasts
  2 wolves (D:8)
  3 sky beasts
  2 phantoms
  Blork the orc (D:6)
  A bullfrog (D:6)
  5 big kobolds (D:3)
  A water moccasin zombie (D:6)
  2 scorpions
  A water moccasin skeleton (D:6)
  3 killer bees (D:9)
  A howler monkey (D:4)
  2 bullfrog zombies
  5 hounds
  Crazy Yiuf (D:3)
  3 orc priests
  5 jellies
  5 orc wizards
  2 iguanas
  3 worker ants (D:5)
  2 worker ant zombies (D:6)
  11 adders
  5 gnolls
  An adder zombie (D:6)
  7 oozes
  4 adder skeletons
  2 worms
  5 dart slugs
  3 leopard geckos
  39 orcs
  6 bats
  12 giant cockroaches
  14 goblins
  5 hobgoblins
  8 jackals
  3 quokkas
  3 ball pythons
  8 frilled lizards
  57 kobolds
  8 rats
273 creatures vanquished.

Notes
Turn   | Place    | Note
-------+----------+-------------------------------------------
     0 | D:1      | Gruesph the Deep Elf Fire Elementalist began the quest for
                  | the Orb.
     0 | D:1      | Reached XP level 1. HP: 10/10 MP: 6/6
   141 | D:1      | Reached XP level 2. HP: 10/15 MP: 0/8
   911 | D:1      | Reached XP level 3. HP: 19/19 MP: 8/10
   960 | D:1      | Learned a level 3 spell: Conjure Flame
  1813 | D:2      | Reached skill level 4 in Spellcasting
  2111 | D:2      | Reached XP level 4. HP: 24/24 MP: 1/12
  2334 | D:2      | Found a shadowy altar of Dithmenos.
  3102 | D:3      | Found a white marble altar of Elyvilon.
  3201 | D:3      | Reached XP level 5. HP: 28/28 MP: 11/14
  3207 | D:3      | Learned a level 4 spell: Sticky Flame
  3213 | D:3      | Learned a level 5 spell: Fireball
  3654 | D:3      | Reached skill level 5 in Spellcasting
  3938 | D:3      | Found a runed translucent door.
  3939 | D:3      | Noticed Crazy Yiuf
  4095 | D:3      | Reached skill level 5 in Fire Magic
  4610 | D:3      | Reached XP level 6. HP: 27/32 MP: 2/16
  5557 | D:3      | Reached skill level 6 in Spellcasting
  5905 | D:3      | Reached XP level 7. HP: 32/36 MP: 11/18
  6329 | D:3      | Reached skill level 5 in Conjurations
  6625 | D:3      | Killed Crazy Yiuf
  6790 | D:4      | Noticed Grinder
  7237 | D:4      | Found a basalt altar of Yredelemnul.
  7239 | D:4      | Reached skill level 7 in Spellcasting
  7510 | D:4      | Noticed Eustachio
  7516 | D:4      | Killed Eustachio
  7516 | D:4      | Reached XP level 8. HP: 41/41 MP: 7/21
  7752 | D:4      | Noticed Edmund
  7766 | D:4      | Killed Edmund
  7899 | D:4      | Found a shimmering blue altar of Sif Muna.
  7909 | D:4      | Reached skill level 8 in Spellcasting
  8040 | D:5      | Entered Level 5 of the Dungeon
  8071 | D:5      | Reached skill level 1 in Fighting
  8907 | D:6      | Learned a level 2 spell: Throw Flame
  8956 | D:6      | Learned a level 3 spell: Confuse
  9331 | D:6      | Reached skill level 9 in Spellcasting
  9331 | D:6      | Reached XP level 9. HP: 49/49 MP: 12/24
  9413 | D:6      | Reached skill level 1 in Hexes
  9595 | D:6      | Noticed Blork the orc
  9599 | D:6      | Killed Blork the orc
  9667 | D:6      | Identified the cursed +1 leather armour of the Wilderness
                  | {MR+ Stlth+}
  9863 | D:6      | Found a staircase to the Ecumenical Temple.
  9876 | Temple   | Entered the Ecumenical Temple
  9967 | Temple   | Became a worshipper of Vehumet
 10924 | D:7      | Noticed a two-headed ogre
 10951 | D:7      | Killed a two-headed ogre
 11292 | D:7      | Found Uwic's Antique Weapon Shop.
 11472 | D:7      | Reached skill level 10 in Spellcasting
 11747 | D:4      | Identified Sif Muna's Disquisition on Curses
 11975 | D:8      | Found a hazy altar of Hepliaklqana.
 12107 | D:8      | Noticed a two-headed ogre
 12114 | D:8      | Killed a two-headed ogre
 12114 | D:8      | Reached skill level 1 in Shields
 12114 | D:8      | Reached skill level 5 in Hexes
 12114 | D:8      | Reached XP level 10. HP: 56/56 MP: 10/26
 12343 | D:8      | Noticed Grum
 12351 | D:8      | Killed Grum
 12996 | D:9      | Reached * piety under Vehumet
 12996 | D:9      | Offered knowledge of Sting by Vehumet.
 13051 | D:9      | Found a glowing golden altar of the Shining One.
 13122 | D:9      | Noticed a two-headed ogre
 13130 | D:9      | Killed a two-headed ogre
 13611 | D:9      | Reached skill level 5 in Fighting
 13783 | D:8      | Slain by a yak

Levels and vault maps discovered:
D:1:      minmay_arrival_four_houses, layout_loops_cross,
          chequers_serial_rivers_small_b
D:2:      layout_loops_cross, grunt_dithmenos_smoke_and_mirrors
D:3:      minmay_goblin_kobold_castle, layout_basic, lemuel_doored_altar,
          portal_sewer_entry_e, first_ration, uniq_crazy_yiuf_cottage
D:4:      layout_basic, led_sif_book, yredelemnul_altar_generic, uniq_grinder,
          uniq_edmund, uniq_eustachio
D:5:      layout_rooms
D:6:      layout_gridville, minmay_temple_entry_large_hall, uniq_blork_the_orc
D:7:      layout_loops_ring, enter_bailey_3, serial_shops, kennysheep_mini_moat
D:8:      layout_gridville, kennysheep_mini, hangedman_little_slice_of_home,
          minmay_misc_feat_tower, minmay_misc_feat_more_columns, uniq_grum
D:9:      layout_gridville, overflow_temple_1_default, serial_shops, shop
Temple:   nicolae_temple_x_marks_the_god

Skill      XL: |  1  2  3  4  5  6  7  8  9 10 |
---------------+-------------------------------+-----
Conjurations   | 2 3 4 6 7 8 9 |  9.3
Spellcasting   | 4 5 6 7 9 10 | 10.0
Fire Magic     | 4 5 6 7 9 |  9.9
Fighting       | 2 4 5 |  5.3
Hexes          | 5 |  5.0
Shields        | 1 3 |  3.3
Dodging        | |  2.4
Stealth        | |  2.4

Action                   |  1- 3 |  4- 6 |  7- 9 | 10-12 || total
-------------------------+-------+-------+-------+-------++-------
Melee: Dagger            |    18 |       |    46 |     7 ||    71
 Fire: Hunting sling     |       |       |    56 |     1 ||    57
Throw: Dart              |       |     6 |     6 |       ||    12
       Stone             |       |     5 |       |       ||     5
 Cast: Flame Tongue      |    85 |   179 |   168 |       ||   432
       Conjure Flame     |     4 |     9 |    11 |     1 ||    25
       Sticky Flame      |       |     1 |    14 |    11 ||    26
       Throw Flame       |       |       |    94 |    85 ||   179
       Fireball          |       |       |     1 |     3 ||     4
       Confuse           |       |       |     1 |       ||     1
  Use: Scroll            |       |       |    18 |     1 ||    19
       Potion            |       |       |     1 |       ||     1
  Eat: Chunk             |     3 |    11 |    15 |     5 ||    34
       Ration            |       |     1 |     1 |       ||     2
Armor: Robe              |    11 |     5 |     1 |       ||    17
       Leather armour    |       |    12 |    25 |     8 ||    45
Dodge: Dodged            |    32 |    46 |    79 |    19 ||   176
Block: Buckler           |       |       |       |     6 ||     6
